 Dungeon Sprint DCSS version 0.26-a0-665-gefeb406119 (webtiles) character file.

Game seed: 16116509863249038142

11949 mhtbhm the Metallomancer (level 11, -3/54 HPs)
             Began as a Gargoyle Earth Elementalist on Oct 14, 2020.
             Was the Champion of Vehumet.
             Shot with an arrow by a deep elf master archer (32 damage)
             ... in the Dungeon (Sprint III: "The Ten Rune Challenge").
             The game lasted 00:08:37 (2613 turns).

mhtbhm the Metallomancer (GrEE)                     Turns: 2613, Time: 00:08:38

Health: -3/54      AC: 12    Str: 10    XL:     11   Next: 85%
Magic:  22/32      EV: 15    Int: 19    God:    Vehumet [******]
Gold:   1821       SH:  0    Dex: 10    Spells: 16/44 levels left

rFire    . . .     SeeInvis .   (no weapon)
rCold    + . .     Faith    .   (no shield)
rNeg     + . .     Spirit   .   c - +0 robe
rPois    ∞         Reflect  .   (no helmet)
rElec    +         Harm     .   (no cloak)
rCorr    .         Rampage  .   (no gloves)
MR       .....     NoTele   +   (no boots)
Stlth    ++........             (no amulet)
HPRegen  0.18/turn              (no ring)
MPRegen  0.23/turn              (no ring)

@: no status effects
A: repulsion field 1, iridescent scales 1, cold resistance 1, negative energy
resistance 1, electricity resistance, weak 1, unbreathing, petrification
resistance, rot immunity, AC +8
a: Renounce Religion


You were in the Dungeon.
You worshipped Vehumet.
Vehumet was exalted by your worship.
You visited 1 branch You collected 2013 gold pieces.
You spent 192 gold pieces at shops.

Inventory:

Missiles
 b - 13 stones (quivered)
Armour
 c - a +0 robe (worn)
Scrolls
 i - a scroll of blinking
 j - a scroll of torment {unknown}
 k - a scroll of magic mapping {unknown}
 l - 3 scrolls of amnesia {unknown}
 n - a scroll of holy word {unknown}
 o - a scroll of fog {unknown}
 p - 2 scrolls of remove curse
Potions
 a - a potion of invisibility {unknown}
 d - a potion of curing
 e - 3 potions of heal wounds
 f - a potion of haste
 g - 2 potions of magic
 m - 4 potions of flight
 q - 3 potions of might
Miscellaneous
 h - a lightning rod (4/4)


   Skills:
 + Level 3.5 Dodging
 - Level 3.0 Stealth
 - Level 0.5 Unarmed Combat
 + Level 17.1 Spellcasting
 + Level 5.5 Conjurations
 + Level 2.4 Transmutations
 + Level 2.0 Air Magic
 + Level 21.5 Earth Magic
 + Level 2.2 Poison Magic
 + Level 2.7 Evocations


You had 16 spell levels left.
You knew the following spells:

 Your Spells              Type           Power        Failure   Level
a - Sandblast             Erth           ######       0%          1
b - Passwall              Tmut/Erth      ######..     1%          2
c - Stone Arrow           Conj/Erth      ######       1%          3
d - Lee's Rapid Deconstr  Erth           #######...   0%          5
e - Petrify               Tmut/Erth      ######..     1%          4
f - Mephitic Cloud        Conj/Pois/Air  ####....     1%          3
g - Sticky Flame          Conj/Fire      ####....     3%          4
h - Iron Shot             Conj/Erth      ######....   1%          6

Your spell library contained the following spells:

 Spells                   Type           Power        Failure   Level
 Iskenderun's Battlesphe  Conj           #####...     3%          5
 Magic Dart               Conj           ####         1%          1
 Conjure Flame            Conj/Fire      ####....     1%          3
 Blink                    Tloc           N/A          5%          2
 Call Imp                 Summ           ###.....     5%          2
 Slow                     Hex            ###.....     5%          2


Dungeon Overview and Level Annotations

Branches:
Dungeon (1/1)

Altars:
Cheibriados
Dithmenos
Elyvilon
Fedhas
Gozag
Hepliaklqana
Kikubaaqudgha
Makhleb
Nemelex Xobeh
Okawaru
Qazlal
Ru
Sif Muna
Trog
Uskayaw
Vehumet
Wu Jian
Xom
Yredelemnul
Zin
The Shining One
Beogh
Jiyva
Lugonu

Shops:
D !


Innate Abilities, Weirdness & Mutations

You are resistant to torment.
Your stone body is resilient. (AC +8)
You are immune to poison.
You resist negative energy. (rN+)
You are resistant to electric shocks. (rElec)
You can survive without breathing.
You are immune to petrification.
You are immune to rotting.
You are surrounded by a mild repulsion field. (EV +2)
You are partially covered in iridescent scales. (AC +2)
Your flesh is cold resistant. (rC+)
You are weak. (Str -2)


Message History

The deep elf master archer is moderately wounded.
The deep elf master archer shouts!
Casting: Lee's Rapid Deconstruction (safe; 0% risk of failure)
Confirm with . or Enter, or press ? or * to list all spells.
Aiming: Lee's Rapid Deconstruction (safe; 0% risk of failure)
Press: ? - help, Dir - move target cursor A stone wall.
The wall shatters!
The blast of rock fragments hits the deep elf master archer!
The deep elf master archer is heavily wounded.
The deep elf master archer shoots an arrow.
The arrow hits you!!
Ouch! That really hurt!
You feel much better.
The deep elf master archer shoots an arrow.
The arrow hits you!!
The deep elf master archer shoots an arrow.
The arrow hits you!!
Ouch! That really hurt!
You die...

▓▓▓▓▓▓▓▓▓▓
##..#.##..######## ###
#.#.####...'.#...# [..'
#.........##.#..@##≈≈≈≈#
#..).......#.#...≈≈≈))[e
#†))).....##)#..(##≈≈≈≈#
#.)#).#∩.#.#.))(.# .).'
#).##..##..####### ###
#'#####################
#....#)#.#.....#......+
##.#).#.##)###.#^..^^.#
'##)#.#.##.#..##......#


You could see a deep elf master archer.

Vanquished Creatures
  2 deep elf demonologists (D)
  A deep elf annihilator (D)
  2 deep elf death magi (D)
  Erolcha (D)
  2 orc high priests (D)
  A deep elf knight (D)
  6 deep elf magi (D)
  3 wandering mushrooms (D)
  2 redbacks (D)
  A shadow (D)
  A spatial vortex (D)
  2 orc warriors (D)
  A necrophage (D)
  5 two-headed ogres (D)
  A water elemental (D)
  A scorpion (D)
  An orc priest (D)
  A jelly (D)
  Jessica (D)
  A wizard (D)
  2 orc wizards (D)
  A necromancer (D)
  3 humans (D)
  A kobold demonologist (D)
  An ooze (D)
  11 orcs (D)
  2 rats (D)
  2 crawling corpses (D)
59 creatures vanquished.

Notes
Turn   | Place    | Note
-------+----------+-------------------------------------------
     0 | D        | mhtbhm the Gargoyle Earth Elementalist began the quest for
                  | the Orb.
     0 | D        | Reached XP level 1. HP: 10/10 MP: 3/3
     5 | D        | Reached skill level 4 in Earth Magic
    47 | D        | Noticed Jessica
    48 | D        | Killed Jessica
    48 | D        | Reached skill level 6 in Earth Magic
    48 | D        | Reached XP level 2. HP: 15/15 MP: 3/6
    48 | D        | Reached XP level 3. HP: 19/19 MP: 3/7
   103 | D        | Learned a level 2 spell: Passwall
   107 | D        | Learned a level 3 spell: Stone Arrow
   123 | D        | Gained mutation: Your spells are a little harder to cast,
                  | but a little more powerful. [potion of mutation]
   123 | D        | Gained mutation: You passively map a small area around you.
                  | [potion of mutation]
   123 | D        | Gained mutation: You can translocate small distances at
                  | will. [potion of mutation]
   124 | D        | Lost mutation: Your spells are a little harder to cast, but
                  | a little more powerful. [potion of mutation]
   124 | D        | Lost mutation: You passively map a small area around you.
                  | [potion of mutation]
   124 | D        | Gained mutation: You expend magic power (3 MP) to
                  | strengthen your wands. [potion of mutation]
   125 | D        | Lost mutation: You expend magic power (3 MP) to strengthen
                  | your wands. [potion of mutation]
   125 | D        | Lost mutation: You can translocate small distances at will.
                  | [potion of mutation]
   125 | D        | Gained mutation: You are dopey. (Int -2) [potion of
                  | mutation]
   125 | D        | Lost mutation: You are dopey. (Int -2) [potion of mutation]
   125 | D        | Gained mutation: Scrolls take you a little longer to read.
                  | [potion of mutation]
   125 | D        | Gained mutation: You can translocate small distances at
                  | will. [potion of mutation]
   126 | D        | Lost mutation: Scrolls take you a little longer to read.
                  | [potion of mutation]
   126 | D        | Gained mutation: You expend magic power (3 MP) to
                  | strengthen your wands. [potion of mutation]
   126 | D        | Gained mutation: Your flesh is heat resistant. (rF+)
                  | [potion of mutation]
   127 | D        | Lost mutation: Your flesh is heat resistant. (rF+) [potion
                  | of mutation]
   127 | D        | Lost mutation: You can translocate small distances at will.
                  | [potion of mutation]
   127 | D        | Lost mutation: You expend magic power (3 MP) to strengthen
                  | your wands. [potion of mutation]
   127 | D        | Gained mutation: Your flesh is cold resistant. (rC+)
                  | [potion of mutation]
   127 | D        | Gained mutation: You are surrounded by a mild repulsion
                  | field. (EV +2) [potion of mutation]
   127 | D        | Gained mutation: You are weak. (Str -2) [potion of
                  | mutation]
   127 | D        | Gained mutation: You are partially covered in iridescent
                  | scales. (AC +2) [potion of mutation]
   166 | D        | Noticed a scorpion
   180 | D        | Killed a scorpion
   180 | D        | Reached skill level 1 in Transmutations
   180 | D        | Reached skill level 8 in Earth Magic
   180 | D        | Reached XP level 4. HP: 24/24 MP: 1/10
   372 | D        | Noticed a water elemental
   376 | D        | Killed a water elemental
   376 | D        | Reached skill level 5 in Spellcasting
   376 | D        | Reached skill level 10 in Earth Magic
   376 | D        | Reached XP level 5. HP: 28/28 MP: 7/13
   425 | D        | Learned a level 5 spell: Lee's Rapid Deconstruction
   430 | D        | Learned a level 4 spell: Petrify
   517 | D        | Found a radiant altar of Vehumet.
   517 | D        | Found a shimmering blue altar of Sif Muna.
   517 | D        | Found an ancient bone altar of Kikubaaqudgha.
   607 | D        | Became a worshipper of Vehumet
   618 | D        | Found a hide-covered altar of Uskayaw.
   618 | D        | Found a roughly hewn altar of Beogh.
   618 | D        | Found an iron altar of Okawaru.
   618 | D        | Found a bloodstained altar of Trog.
   618 | D        | Found an ornate altar of the Wu Jian Council.
   618 | D        | Noticed a human
   618 | D        | Noticed a human
   621 | D        | Killed a human
   621 | D        | Reached skill level 11 in Earth Magic
   621 | D        | Reached XP level 6. HP: 32/32 MP: 2/16
   629 | D        | Killed a human
   629 | D        | Reached skill level 12 in Earth Magic
   629 | D        | Reached XP level 7. HP: 36/36 MP: 0/18
   713 | D        | Learned a level 3 spell: Mephitic Cloud
   748 | D        | Found a basalt altar of Yredelemnul.
   748 | D        | Found a shadowy altar of Dithmenos.
   748 | D        | Found a sacrificial altar of Ru.
   749 | D        | Reached * piety under Vehumet
   749 | D        | Offered knowledge of Foxfire by Vehumet.
   750 | D        | Reached skill level 13 in Earth Magic
   828 | D        | Found a glowing silver altar of Zin.
   828 | D        | Found a glowing golden altar of the Shining One.
   828 | D        | Found a white marble altar of Elyvilon.
   828 | D        | Noticed a deep elf mage
   830 | D        | Killed a deep elf mage
   830 | D        | Reached skill level 10 in Spellcasting
   830 | D        | Reached skill level 14 in Earth Magic
   830 | D        | Reached XP level 8. HP: 41/41 MP: 9/22
   909 | D        | Offered knowledge of Shock by Vehumet.
   909 | D        | Reached ** piety under Vehumet
   909 | D        | Noticed a shadow
   913 | D        | Killed a shadow
   913 | D        | Reached skill level 15 in Earth Magic
  1017 | D        | Found a blossoming altar of Fedhas.
  1017 | D        | Found a stormy altar of Qazlal.
  1017 | D        | Found a snail-covered altar of Cheibriados.
  1017 | D        | Found a burning altar of Makhleb.
  1017 | D        | Found a shimmering altar of Xom.
  1018 | D        | Found a hazy altar of Hepliaklqana.
  1018 | D        | Found an opulent altar of Gozag.
  1018 | D        | Found a sparkling altar of Nemelex Xobeh.
  1018 | D        | Found a corrupted altar of Lugonu.
  1018 | D        | Found a viscous altar of Jiyva.
  1087 | D        | Offered knowledge of Dazzling Flash by Vehumet.
  1088 | D        | Reached *** piety under Vehumet
  1090 | D        | Reached skill level 16 in Earth Magic
  1205 | D        | Noticed a two-headed ogre
  1210 | D        | Killed a two-headed ogre
  1210 | D        | Reached XP level 9. HP: 45/45 MP: 15/24
  1210 | D        | Noticed Erolcha
  1213 | D        | Noticed a two-headed ogre
  1218 | D        | Killed Erolcha
  1218 | D        | Reached skill level 17 in Earth Magic
  1226 | D        | Killed a two-headed ogre
  1226 | D        | Reached **** piety under Vehumet
  1226 | D        | Reached skill level 1 in Evocations
  1369 | D        | Offered knowledge of Frozen Ramparts by Vehumet.
  1369 | D        | Reached skill level 18 in Earth Magic
  1372 | D        | Reached skill level 1 in Air Magic
  1471 | D        | Noticed a wandering mushroom
  1475 | D        | Noticed a wandering mushroom
  1479 | D        | Killed a wandering mushroom
  1479 | D        | Reached skill level 1 in Conjurations
  1513 | D        | Noticed a wandering mushroom
  1517 | D        | Killed a wandering mushroom
  1517 | D        | Offered knowledge of Sticky Flame by Vehumet.
  1517 | D        | Reached XP level 10. HP: 50/50 MP: 15/27
  1523 | D        | Learned a level 4 spell: Sticky Flame
  1528 | D        | Reached ***** piety under Vehumet
  1528 | D        | Offered knowledge of Iron Shot by Vehumet.
  1536 | D        | Learned a level 6 spell: Iron Shot
  1633 | D        | Reached skill level 1 in Poison Magic
  1633 | D        | Offered knowledge of Conjure Ball Lightning by Vehumet.
  1633 | D        | Noticed an orc high priest
  1634 | D        | Killed an orc high priest
  1634 | D        | Reached skill level 19 in Earth Magic
  1637 | D        | Noticed an orc high priest
  1640 | D        | Killed an orc high priest
  1649 | D        | Found Jyfen's Distillery.
  1730 | D        | Bought a potion of flight for 36 gold pieces
  1730 | D        | Bought a potion of flight for 36 gold pieces
  1730 | D        | Bought a potion of heal wounds for 60 gold pieces
  1730 | D        | Bought a potion of heal wounds for 60 gold pieces
  1767 | D        | Noticed a deep elf mage
  1767 | D        | Noticed a deep elf knight
  1767 | D        | Noticed a deep elf mage
  1767 | D        | Noticed a deep elf mage
  1767 | D        | Noticed a deep elf mage
  1776 | D        | Killed a deep elf mage
  1777 | D        | Killed a deep elf mage
  1780 | D        | Killed a deep elf mage
  1781 | D        | Killed a deep elf mage
  1781 | D        | Reached skill level 15 in Spellcasting
  1781 | D        | Reached XP level 11. HP: 42/54 MP: 15/30
  1782 | D        | Killed a deep elf knight
  1782 | D        | Reached skill level 20 in Earth Magic
  1867 | D        | Noticed a deep elf demonologist
  1872 | D        | Killed a deep elf demonologist
  1872 | D        | Offered knowledge of Iskenderun's Battlesphere by Vehumet.
  1872 | D        | Noticed a deep elf demonologist
  1876 | D        | Noticed a deep elf master archer
  2123 | D        | Noticed a deep elf annihilator
  2127 | D        | Killed a deep elf annihilator
  2260 | D        | Noticed a deep elf mage
  2260 | D        | Noticed a deep elf death mage
  2264 | D        | Killed a deep elf death mage
  2264 | D        | Reached skill level 21 in Earth Magic
  2264 | D        | Killed a deep elf demonologist
  2264 | D        | Reached skill level 5 in Conjurations
  2266 | D        | Killed a deep elf mage
  2268 | D        | Identified the +10 quarterstaff of Doom {vorpal, Str+3
                  | Int+2}
  2268 | D        | Noticed a deep elf death mage
  2270 | D        | Killed a deep elf death mage
  2461 | D        | Killed a ghostly deep elf death mage
  2461 | D        | Reached ****** piety under Vehumet
  2613 | D        | Shot with an arrow by a deep elf master archer

Illustrated notes

Levels and vault maps discovered:
D:        dungeon_sprint_mu [sprint_mu_entry_forest, sprint_mu_temple_rooms,
          sprint_mu_d1_spiders, sprint_mu_d2_genie, sprint_mu_d3_branching,
          sprint_mu_orc_legion, sprint_mu_elf_gauntlet, sprint_mu_hive_nellie,
          sprint_mu_lair_fedhas, sprint_mu_vaults_butterflies,
          sprint_mu_slime_circle, sprint_mu_shoals_archi,
          sprint_mu_snake_twists, sprint_mu_blade_basic,
          sprint_mu_crypt_fortress, sprint_mu_tomb_spiral,
          sprint_mu_vestibule_basic, sprint_mu_gehenna_hellfire,
          sprint_mu_dis_giant, sprint_mu_tartarus_statrot,
          sprint_mu_cocytus_islands, sprint_mu_zot1]

Skill      XL: |  1  2  3  4  5  6  7  8  9 10 11 |
---------------+----------------------------------+-----
Earth Magic    | 6 8 10 11 12 14 16 18 19 21 | 21.5
Dodging        | 2 3 |  3.5
Stealth        | 3 |  3.0
Spellcasting   | 3 4 5 7 8 10 11 13 15 17 | 17.1
Transmutations | 1 2 |  2.4
Evocations     | 1 2 |  2.7
Air Magic      | 1 2 |  2.0
Conjurations   | 1 3 5 |  5.5
Poison Magic   | 1 2 |  2.2
Unarmed Combat | |  0.5

Action                   |  1- 3 |  4- 6 |  7- 9 | 10-12 || total
-------------------------+-------+-------+-------+-------++-------
Melee: Unarmed           |     5 |       |       |       ||     5
 Cast: Sandblast         |    12 |    12 |     9 |     1 ||    34
       Passwall          |     1 |       |       |     2 ||     3
       Stone Arrow       |       |     1 |     7 |     5 ||    13
       Lee's Rapid Decon |       |     3 |    20 |    33 ||    56
       Mephitic Cloud    |       |       |     3 |     2 ||     5
       Iron Shot         |       |       |       |     4 ||     4
       Petrify           |       |       |       |     1 ||     1
Evoke: Lightning rod     |       |       |     4 |     6 ||    10
  Use: Potion            |     6 |       |       |     1 ||     7
Armor: Robe              |     1 |       |     2 |     1 ||     4
Dodge: Dodged            |     3 |     1 |     5 |     3 ||    12

Table legend: (Time is in decaauts)
 A = Elapsed time spent in this place.
 B = Non-inter-level travel time spent in this place.
 C = Inter-level travel time spent in this place.
 D = Time resting spent in this place.
 E = Time spent auto-exploring this place.
 F = Levels seen in this place.
 G = Mean time per level.
                   A        B        C        D        E       F      G
               +--------+--------+--------+--------+--------+-----+--------+
         Total |   2628 |   2628 |      0 |   2039 |      1 |   1 | 2628.0 |
       Dungeon |   2628 |   2628 |      0 |   2039 |      1 |   1 | 2628.0 |
               +--------+--------+--------+--------+--------+-----+--------+

Top non-repeatable levels by time:
       D: 2628 daAuts
